[Event "December 19 Late 2023"]
[Site "https://www.chess.com"]
[Date "2023.12.19"]
[Round "3"]
[White "Kappeler, Kaspar"]
[Black "UnTucopalaTimba"]
[Result "0-1"]
[Board "180"]
[TimeControl "180+1"]
[WhiteFideId "1309072"]
[WhiteElo "2192"]
[BlackElo "1946"]
[WhiteTeam "SUI"]
[WhiteClock "0:00:19"]
[BlackClock "0:01:15"]

1. c4 e5 2. Nc3 Bb4 3. Nd5 a5 4. g3 Nf6 5. Bg2 O-O 6. Nf3 Nxd5 7. cxd5 Re8 8. O-O d6 9. d4 exd4 10. Nxd4 Bc5 11. Nb3 Bb6 12. a4 Bg4 13. Re1 Qf6 14. Be3 Bxe3 15. fxe3 Rxe3 16. Qd4 Qxd4 17. Nxd4 Nd7 18. Rac1 Nc5 19. Kf2 Rae8 20. Ne6 Rb3 21. Nxc5 dxc5 22. Rxc5 Rxb2 23. Rxc7 Bxe2 24. Kg1 Kf8 25. d6 Bg4 26. Bxb7 Rxe1# 0-1

[Event "December 19 Late 2023"]
[Site "https://www.chess.com"]
[Date "2023.12.19"]
[Round "3"]
[White "Thake, Conrad"]
[Black "Shapiro, Daniel"]
[Result "0-1"]
[Board "181"]
[TimeControl "180+1"]
[WhiteFideId "5602947"]
[BlackFideId "2001780"]
[WhiteElo "1662"]
[BlackElo "2295"]
[WhiteTeam "MLT"]
[BlackTeam "USA"]
[WhiteClock "0:00:23"]
[BlackClock "0:00:11"]

1. c4 e5 2. Nc3 Nf6 3. g3 d5 4. cxd5 Nxd5 5. Bg2 Nf6 6. d3 h6 7. e3 Be7 8. Nge2 O-O 9. O-O c6 10. d4 Nbd7 11. b3 exd4 12. Nxd4 Ne5 13. Ne4 Nd5 14. Bb2 Bg4 15. Qc2 Rc8 16. h3 Bd7 17. Rad1 b6 18. Qe2 Qc7 19. f4 Ng6 20. Nf3 Rfe8 21. Ne5 Bf8 22. Nxg6 fxg6 23. Nc3 Nxe3 24. Qd3 Bf5 25. Ne4 Nxf1 26. Kxf1 Rcd8 27. Qc4+ Kh7 28. Qc2 Rxd1+ 29. Qxd1 Bxe4 30. Bxe4 Rxe4 31. Qd3 Qe7 32. Kf2 Qe6 33. Kf3 Re1 34. g4 Bc5 35. f5 Re3+ 36. Kf4 g5# 0-1

[Event "December 19 Late 2023"]
[Site "https://www.chess.com"]
[Date "2023.12.19"]
[Round "3"]
[White "Vargas, Mauricio"]
[Black "Cardozo Munar, Carlos Eduardo"]
[Result "1/2-1/2"]
[Board "182"]
[TimeControl "180+1"]
[WhiteFideId "4404572"]
[BlackFideId "4409477"]
[WhiteElo "1982"]
[BlackElo "2067"]
[WhiteTeam "COL"]
[BlackTeam "COL"]
[WhiteClock "0:00:02"]
[BlackClock "0:00:07"]

1. e4 e6 2. Nc3 d5 3. d3 Nf6 4. g3 c5 5. Bg2 Nc6 6. f4 d4 7. Nce2 e5 8. Nf3 Bd6 9. O-O Bg4 10. h3 Bxf3 11. Bxf3 Qc7 12. Bg2 O-O-O 13. Rb1 h6 14. a3 exf4 15. Nxf4 g5 16. Nd5 Nxd5 17. exd5 Nb8 18. Qg4+ Qd7 19. Rxf7 Qxg4 20. hxg4 Bxg3 21. d6 Rd7 22. Rf6 Rxd6 23. Rf7 Rd7 24. Rf5 b6 25. b4 Re8 26. Bb2 Re5 27. Be4 Kc7 28. bxc5 bxc5 29. a4 Nc6 30. Ba3 c4 31. Rf6 Rxe4 32. dxe4 d3 33. cxd3 cxd3 34. Rc1 Bd6 35. Bxd6+ Rxd6 36. Rf7+ Kb6 37. Rd1 Ne5 38. Rf8 d2 39. Rb8+ Ka5 40. Rb2 Nxg4 41. Rbxd2 Re6 42. Rd4 Nf6 43. Rc1 Rxe4 44. Rc5+ Kb6 45. Rb5+ Kc6 46. Rxe4 Nxe4 47. Kg2 Nc5 48. Rb4 h5 49. a5 g4 50. Kg3 Nd3 51. Rc4+ Kb5 52. Rd4 Nc5 53. Rd5 Kc4 54. Rxh5 Nb3 55. Kxg4 Kb4 56. a6 Nc5 57. Rh6 Kb5 58. Rh7 Kxa6 59. Rh6+ Kb5 60. Rh5 a5 61. Kf3 Kb4 62. Ke2 a4 63. Kd1 Nd3 64. Kc2 Ne1+ 65. Kb1 Nf3 66. Rf5 Nd2+ 67. Ka2 Nb3 68. Rf4+ Kb5 69. Ka3 Nc5 70. Rf5 Kc4 71. Rh5 Kb5 72. Rg5 Kc4 73. Rh5 Kb5 74. Rg5 Kc4 75. Rg4+ Kc3 76. Rg3+ Kc4 77. Rg4+ Kb5 78. Rg5 1/2-1/2

[Event "December 19 Late 2023"]
[Site "https://www.chess.com"]
[Date "2023.12.19"]
[Round "4"]
[White "Maksimovic, Bojan"]
[Black "Caruana, Fabiano"]
[Result "1-0"]
[Board "1"]
[TimeControl "180+1"]
[WhiteFideId "14408120"]
[BlackFideId "2020009"]
[WhiteElo "2527"]
[BlackElo "2815"]
[WhiteTeam "BIH"]
[BlackTeam "USA"]
[WhiteClock "0:00:04"]
[BlackClock "0:00:00"]

1. a3 e5 2. h3 d5 3. e3 c5 4. d4 Nc6 5. dxe5 Nxe5 6. Bb5+ Nc6 7. c4 Nf6 8. Nf3 Be7 9. Nc3 a6 10. Ba4 Be6 11. Ng5 O-O 12. cxd5 Bxd5 13. Nxd5 Nxd5 14. Nf3 b5 15. Bc2 Bf6 16. Be4 Nce7 17. O-O g6 18. Qc2 Qc7 19. Rd1 Rad8 20. Bd2 Rd7 21. Rac1 c4 22. Bc3 Bxc3 23. bxc3 Rfd8 24. Nd4 Nb6 25. Bf3 Qc5 26. Ra1 Ned5 27. Re1 Na4 28. Ne2 Qe7 29. Bxd5 Rxd5 30. Nd4 R5d6 31. Rab1 Qe5 32. Rb4 Nc5 33. Rd1 Qe7 34. Rbb1 h5 35. Ra1 Na4 36. Rf1 Qe5 37. Rfd1 Kg7 38. Re1 Re8 39. Red1 Rf6 40. Re1 Qe4 41. Qd2 Re5 42. Red1 Qb7 43. Rac1 Nc5 44. Rf1 Rg5 45. f3 Rd5 46. Rb1 Rd7 47. Qc2 Qd5 48. Rbd1 Qe5 49. Rde1 Nd3 50. Re2 Rfd6 51. a4 Rb7 52. axb5 axb5 53. Rb1 Ra6 54. Kh1 Qc5 55. Kg1 b4 56. cxb4 Rxb4 57. Rxb4 Qxb4 58. Rd2 Ra1+ 59. Rd1 Rxd1+ 60. Qxd1 Qc3 61. Kh2 Qa5 62. Qc2 Qe5+ 63. Kh1 Qxe3 64. Qxc4 Nf4 65. Nc2 Qc1+ 66. Kh2 Ne6 67. Qc3+ Kh7 68. Qd3 Qf4+ 69. Kh1 Qg3 70. Qb3 Qf2 71. Nb4 Kg7 72. Qc3+ Kh7 73. Nd5 Qg3 74. Nf6+ Kh6 75. Ne4 Qb8 76. Qf6 Qf8 77. Nd6 1-0

[Event "December 19 Late 2023"]
[Site "https://www.chess.com"]
[Date "2023.12.19"]
[Round "4"]
[White "Niemann, Hans Moke"]
[Black "Zhigalko, Sergei"]
[Result "1/2-1/2"]
[Board "2"]
[TimeControl "180+1"]
[WhiteFideId "2093596"]
[BlackFideId "13502956"]
[WhiteElo "2614"]
[BlackElo "2616"]
[WhiteTeam "USA"]
[BlackTeam "BLR"]
[WhiteClock "0:00:54"]
[BlackClock "0:01:03"]

1. d4 Nf6 2. c4 e6 3. Nf3 b6 4. g3 Ba6 5. b3 Bb4+ 6. Bd2 Be7 7. Bg2 c6 8. Bc3 d5 9. Nbd2 Nbd7 10. O-O O-O 11. Re1 c5 12. Rc1 Rc8 13. e3 h6 14. Qc2 cxd4 15. Nxd4 Ba3 16. Rcd1 Qe7 17. Qb1 Rfd8 18. Qa1 Nc5 19. Nb1 Nce4 20. cxd5 Nxc3 21. Nxc3 exd5 22. Nc2 Bd6 23. Nd4 Ba3 24. Nc2 Bd6 25. Nd4 Ba3 1/2-1/2

[Event "December 19 Late 2023"]
[Site "https://www.chess.com"]
[Date "2023.12.19"]
[Round "4"]
[White "Melkumyan, Hrant"]
[Black "Duda, Jan-Krzysztof"]
[Result "1/2-1/2"]
[Board "3"]
[TimeControl "180+1"]
[WhiteFideId "13302485"]
[BlackFideId "1170546"]
[WhiteElo "2604"]
[BlackElo "2775"]
[WhiteTeam "ARM"]
[BlackTeam "POL"]
[WhiteClock "0:00:03"]
[BlackClock "0:00:03"]

1. Nf3 Nf6 2. c4 e6 3. g3 d5 4. Bg2 Be7 5. O-O O-O 6. b3 a5 7. Nc3 c6 8. d4 Nbd7 9. Bb2 b6 10. Nd2 Ba6 11. a4 Rc8 12. Re1 Bb4 13. e4 c5 14. exd5 cxd4 15. Nb5 Bxb5 16. cxb5 Nxd5 17. Bxd5 exd5 18. Bxd4 Bc3 19. Bxc3 Rxc3 20. Ra2 Nc5 21. Rc2 Rd3 22. Qe2 Rd4 23. Qe3 Rb4 24. Rxc5 d4 25. Qe5 bxc5 26. Qxc5 d3 27. Re3 Re8 28. Qd5 h6 29. Rxd3 Qf6 30. Rf3 Rd8 31. Qb7 Qe6 32. Nc4 g5 33. Kg2 h5 34. h3 g4 35. hxg4 hxg4 36. Rf4 f5 37. Qc6 Qd5+ 38. Qxd5+ Rxd5 39. Ne3 Rxf4 40. Nxd5 Rd4 41. Ne7+ Kf7 42. Nxf5 Rb4 43. Nd6+ Ke6 44. Nc4 Rxb3 45. Nxa5 Rb4 46. Nb7 Kd5 47. Na5 Rxa4 48. Nc6 Kc5 49. Ne5 Re4 50. Nd3+ Kc4 51. Nf4 Re5 52. f3 gxf3+ 53. Kxf3 Rxb5 54. Ng2 Kd4 55. Nf4 Ke5 56. Kg4 Rb4 57. Kg5 Ke4 58. Kg4 Rb8 59. Ne6 Rg8+ 60. Ng5+ Ke5 61. Kh5 Kf5 62. g4+ Ke5 63. Nh7 Rh8 64. Kh6 Kf4 65. g5 Kf5 66. g6 Rg8 67. g7 Rxg7 68. Kxg7 1/2-1/2

[Event "December 19 Late 2023"]
[Site "https://www.chess.com"]
[Date "2023.12.19"]
[Round "4"]
[White "Popov, Konstantin"]
[Black "Bluebaum, Matthias"]
[Result "0-1"]
[Board "4"]
[TimeControl "180+1"]
[WhiteFideId "34137910"]
[BlackFideId "24651516"]
[WhiteElo "2340"]
[BlackElo "2621"]
[WhiteTeam "FID"]
[BlackTeam "GER"]
[WhiteClock "0:00:00"]
[BlackClock "0:00:51"]

1. e4 e6 2. d4 d5 3. Nc3 Nf6 4. Bg5 dxe4 5. Nxe4 Be7 6. Nxf6+ Bxf6 7. Bxf6 Qxf6 8. Nf3 O-O 9. Qd3 Bd7 10. O-O-O Rd8 11. Ne5 Nc6 12. Qe3 Nb4 13. a3 Nd5 14. Qg3 Rac8 15. Rd3 Be8 16. Rf3 Qh6+ 17. Kb1 c5 18. Ng4 Qd2 19. Bd3 f5 20. Qh4 c4 21. Rh3 cxd3 22. Qxh7+ Kf8 23. Qh8+ Ke7 24. Qxg7+ Bf7 25. Ne5 dxc2+ 26. Ka2 Nc3+ 27. Rxc3 Rxc3 28. Qxf7+ Kd6 29. Qxb7 Rc7 30. Qa6+ Ke7 31. Nc6+ Rxc6 32. Qxc6 Rxd4 33. h4 Qd1 34. Qc5+ Kf7 35. Qc7+ Rd7 36. Rxd1 cxd1=Q 0-1

[Event "December 19 Late 2023"]
[Site "https://www.chess.com"]
[Date "2023.12.19"]
[Round "4"]
[White "Keymer, Vincent"]
[Black "Szpar, Milosz"]
[Result "1-0"]
[Board "5"]
[TimeControl "180+1"]
[WhiteFideId "12940690"]
[BlackFideId "1184989"]
[WhiteElo "2629"]
[BlackElo "2446"]
[WhiteTeam "GER"]
[BlackTeam "POL"]
[WhiteClock "0:00:46"]
[BlackClock "0:00:00"]

1. Nf3 d5 2. e3 Nf6 3. c4 e6 4. Nc3 Bd6 5. b3 O-O 6. Bb2 c6 7. Be2 b6 8. Qc2 Bb7 9. g4 Na6 10. g5 Nd7 11. a3 Qe7 12. Rg1 Nc7 13. h4 e5 14. h5 f5 15. gxf6 Nxf6 16. Nh4 Bc8 17. h6 Rf7 18. hxg7 Nce8 19. Nf3 Rxg7 20. O-O-O Bxa3 21. Rxg7+ Nxg7 22. Rg1 Kf8 23. Rg5 Bd6 24. cxd5 h6 25. Rxg7 Qxg7 26. dxc6 Bg4 27. Nb5 e4 28. Nxd6 exf3 29. Bc4 Rd8 30. Ba3 1-0

[Event "December 19 Late 2023"]
[Site "https://www.chess.com"]
[Date "2023.12.19"]
[Round "4"]
[White "Van Foreest, Jorden"]
[Black "Mahdavi, Reza"]
[Result "0-1"]
[Board "6"]
[TimeControl "180+1"]
[WhiteFideId "1039784"]
[BlackFideId "12595926"]
[WhiteElo "2664"]
[BlackElo "2426"]
[WhiteTeam "NED"]
[BlackTeam "IRI"]
[WhiteClock "0:00:12"]
[BlackClock "0:00:42"]

1. e4 c5 2. Nf3 d6 3. d4 cxd4 4. Nxd4 Nf6 5. Bd3 g6 6. c4 Bg7 7. Nc3 Nc6 8. Nde2 O-O 9. O-O Be6 10. b3 Rc8 11. Bb2 a6 12. Rc1 Nd7 13. Qd2 Nc5 14. Bb1 Qa5 15. Rfd1 b5 16. cxb5 axb5 17. Nf4 Bh6 18. Kh1 Rfe8 19. g3 Bg4 20. Re1 Ne5 21. Re3 Ne6 22. Nfd5 Bf3+ 23. Kg1 b4 24. Na4 Rxc1+ 25. Qxc1 Bxe3 26. Qxe3 Bh5 27. h3 Nc4 28. bxc4 Qxa4 29. Kg2 Qd1 30. Bd3 Nc5 31. Qd4 Bf3+ 0-1

[Event "December 19 Late 2023"]
[Site "https://www.chess.com"]
[Date "2023.12.19"]
[Round "4"]
[White "Sarana, Alexey"]
[Black "Beerdsen, Thomas"]
[Result "1-0"]
[Board "7"]
[TimeControl "180+1"]
[WhiteFideId "24133795"]
[BlackFideId "1030108"]
[WhiteElo "2707"]
[BlackElo "2550"]
[WhiteTeam "SRB"]
[BlackTeam "NED"]
[WhiteClock "0:00:06"]
[BlackClock "0:00:01"]

1. d4 Nf6 2. c4 a6 3. Nf3 b5 4. e3 bxc4 5. Bxc4 e6 6. O-O c5 7. d5 exd5 8. Bxd5 Nxd5 9. Qxd5 Nc6 10. Ne5 Qf6 11. Nxc6 dxc6 12. Qe4+ Be7 13. Bd2 Bf5 14. Qf3 O-O 15. Bc3 Qg6 16. Nd2 Bd6 17. e4 Bg4 18. Qe3 Rae8 19. e5 f6 20. f4 fxe5 21. fxe5 Rxf1+ 22. Rxf1 Bf8 23. Ne4 Be6 24. a3 Bd5 25. Ng3 c4 26. h3 h5 27. Rf2 Kh7 28. Kh2 Kg8 29. Nf5 Be7 30. Qf4 Bc5 31. Bd4 Bf8 32. Nh4 Qe4 33. Nf5 Qxf4+ 34. Rxf4 Rb8 35. h4 Rb3 36. Nd6 Rd3 37. Bc3 Re3 38. Rf2 Be6 39. g3 Be7 40. Nf5 Bxf5 41. Rxf5 Bxa3 42. Rf2 Be7 43. Rf4 a5 44. Rxc4 Bb4 45. Bxb4 axb4 46. Rxb4 Rxe5 47. Kg2 c5 48. Rb5 g6 49. Kf3 Kf7 50. Kf4 Re2 51. b3 Rb2 52. Kg5 Rg2 53. Rb7+ Kf8 54. Kf6 Ke8 55. Re7+ Kd8 56. Re3 Kc7 57. Kxg6 Kd6 58. Kxh5 Rxg3 59. Rxg3 1-0

[Event "December 19 Late 2023"]
[Site "https://www.chess.com"]
[Date "2023.12.19"]
[Round "4"]
[White "Ivic, Velimir"]
[Black "Durarbayli, Vasif"]
[Result "1-0"]
[Board "8"]
[TimeControl "180+1"]
[WhiteFideId "950122"]
[BlackFideId "13402935"]
[WhiteElo "2542"]
[BlackElo "2551"]
[WhiteTeam "SRB"]
[BlackTeam "AZE"]
[WhiteClock "0:00:27"]
[BlackClock "0:00:00"]

1. e4 c5 2. Nf3 d6 3. Bc4 Nf6 4. d3 e6 5. O-O a6 6. c3 b5 7. Bb3 Bb7 8. Re1 Nbd7 9. Nbd2 Be7 10. d4 Qc7 11. Bc2 e5 12. d5 c4 13. Nf1 Nc5 14. Ng3 g6 15. h3 h5 16. b4 Ncd7 17. a4 h4 18. Nf1 Nh5 19. Be3 Rg8 20. Qd2 Rb8 21. axb5 axb5 22. Ra7 Qd8 23. Rea1 g5 24. N3h2 Nf4 25. f3 Nf6 26. Bf2 Qd7 27. Ne3 Bd8 28. Nf5 N6h5 29. Ng4 Rg6 30. Kh2 Kf8 31. Be3 Ng7 32. Ngh6 Ne8 33. Qf2 Qc8 34. Ng4 Ng7 35. Qd2 Ngh5 36. Qe1 Kg8 37. Qf2 Kh7 38. R7a3 Ng7 39. Ba7 Ra8 40. Nxg7 Kxg7 41. Ne3 Rxa7 42. Nf5+ Qxf5 43. exf5 Rxa3 44. Rxa3 Rh6 45. Be4 Bxd5 46. Ra5 Bxa5 47. bxa5 Rh8 48. a6 Ra8 49. Qb6 Bxe4 50. fxe4 d5 51. Qb7 Rxa6 52. Qxa6 dxe4 53. Qd6 Nd3 54. Qe7 e3 55. Qxg5+ Kf8 56. Qxe3 Ke7 57. Qb6 e4 58. g3 1-0

[Event "December 19 Late 2023"]
[Site "https://www.chess.com"]
[Date "2023.12.19"]
[Round "4"]
[White "Khismatullin, Denis"]
[Black "Yeletsky, Ivan"]
[Result "1/2-1/2"]
[Board "9"]
[TimeControl "180+1"]
[WhiteFideId "4142578"]
[BlackFideId "24180327"]
[WhiteElo "2552"]
[BlackElo "2379"]
[WhiteTeam "RUS"]
[BlackTeam "RUS"]
[WhiteClock "0:00:04"]
[BlackClock "0:00:05"]

1. c4 e5 2. Nc3 Bb4 3. Nd5 a5 4. Nf3 d6 5. a3 Bc5 6. e3 Nd7 7. d4 Ba7 8. Bd3 Ngf6 9. Nxf6+ Qxf6 10. O-O O-O 11. b4 Qe7 12. Qc2 h6 13. Bb2 Re8 14. dxe5 dxe5 15. Bh7+ Kh8 16. Be4 Bb8 17. c5 c6 18. Bf5 Bc7 19. e4 Nf6 20. Bxc8 Raxc8 21. Bc3 axb4 22. axb4 Ra8 23. g3 Qe6 24. Kg2 Rxa1 25. Rxa1 Qc4 26. Nd2 Qe2 27. Qd1 Qxd1 28. Rxd1 Rd8 29. Rc1 Kg8 30. f3 Ra8 31. Ra1 Rxa1 32. Bxa1 Nd7 33. Nc4 f6 34. Kf1 Kf7 35. Ke2 Ke6 36. Kd3 g6 37. Bc3 b6 38. cxb6 Bxb6 39. g4 Bc7 40. Bd2 h5 41. gxh5 gxh5 42. Ne3 Bd6 43. Nf5 Bf8 44. Be1 Nb8 45. Kc4 Na6 46. Bd2 Nc7 47. h4 Kf7 48. Be3 Na6 49. Bd2 Nc7 50. Be1 Ne6 51. Bf2 Nf4 52. Bc5 Bxc5 53. Kxc5 Nd3+ 54. Kc4 Ne1 55. Ng3 Kg6 56. Kc5 Nd3+ 57. Kc4 Ne1 58. Nf1 Nxf3 59. Kc5 Nd4 60. Ng3 f5 61. exf5+ Nxf5 62. Ne4 Nd4 63. Kd6 Kf5 64. Ng3+ Kg4 65. Ne4 Kxh4 66. Kxe5 Nb5 67. Kf4 Kh3 68. Ng5+ Kg2 69. Nf3 Kf2 70. Ne5 Nd4 71. Nxc6 Nxc6 72. Kg5 Nxb4 73. Kxh5 1/2-1/2

[Event "December 19 Late 2023"]
[Site "https://www.chess.com"]
[Date "2023.12.19"]
[Round "4"]
[White "Dourerassou, Jonathan"]
[Black "Sjugirov, Sanan"]
[Result "0-1"]
[Board "10"]
[TimeControl "180+1"]
[WhiteFideId "628050"]
[BlackFideId "4189302"]
[WhiteElo "2499"]
[BlackElo "2569"]
[WhiteTeam "FRA"]
[BlackTeam "HUN"]
[WhiteClock "0:00:48"]
[BlackClock "0:01:54"]

1. d4 Nf6 2. Bg5 d5 3. Bxf6 exf6 4. e3 c6 5. Nd2 Nd7 6. g3 Nb6 7. Bg2 Be6 8. Ne2 h5 9. h4 Bd6 10. O-O g5 11. Nf3 Bg4 12. hxg5 fxg5 13. Ne5 Bxe5 14. dxe5 Qe7 15. f3 Bd7 16. f4 h4 17. Qe1 O-O-O 18. gxh4 Rxh4 19. Qa5 gxf4 20. exf4 Rg8 21. Rf2 Bh3 22. Qxa7 Qc5 23. Kf1 Bxg2+ 0-1

[Event "December 19 Late 2023"]
[Site "https://www.chess.com"]
[Date "2023.12.19"]
[Round "4"]
[White "Drygalov, Sergey"]
[Black "Troff, Kayden"]
[Result "1-0"]
[Board "11"]
[TimeControl "180+1"]
[WhiteFideId "24171743"]
[BlackFideId "2047896"]
[WhiteElo "2504"]
[BlackElo "2544"]
[WhiteTeam "RUS"]
[BlackTeam "USA"]
[WhiteClock "0:00:56"]
[BlackClock "0:00:02"]

1. d4 Nf6 2. c4 g6 3. Nc3 d5 4. cxd5 Nxd5 5. e4 Nxc3 6. bxc3 Bg7 7. Be3 c5 8. Nf3 Qa5 9. Qd2 O-O 10. Rc1 Rd8 11. h4 Bg4 12. d5 e6 13. Nh2 h5 14. Nxg4 hxg4 15. h5 exd5 16. hxg6 dxe4 17. gxf7+ Kf8 18. Bxc5+ Qxc5 19. Qxd8+ Kxf7 20. Rh7 g3 21. Rc2 Kg6 22. Qg8 gxf2+ 23. Kd1 Qe7 24. Rd2 Nd7 25. Rxg7+ Qxg7 26. Qxa8 Qxc3 27. Qe8+ Kg5 28. Rd5+ Kf4 29. g3+ Ke3 30. Rd3+ Qxd3+ 31. Bxd3 Kxd3 32. Qxd7+ Ke3 33. Qf5 1-0

[Event "December 19 Late 2023"]
[Site "https://www.chess.com"]
[Date "2023.12.19"]
[Round "4"]
[White "Bryakin, Mikhail"]
[Black "Svane, Rasmus"]
[Result "1-0"]
[Board "12"]
[TimeControl "180+1"]
[WhiteFideId "4165314"]
[BlackFideId "4657101"]
[WhiteElo "2495"]
[BlackElo "2597"]
[WhiteTeam "SRB"]
[BlackTeam "GER"]
[WhiteClock "0:00:03"]
[BlackClock "0:00:00"]

1. b3 d5 2. Bb2 Nf6 3. Nf3 Bf5 4. d3 h6 5. g3 e6 6. Bg2 Be7 7. O-O O-O 8. Nbd2 Bh7 9. c4 c6 10. Qc2 a5 11. a3 Re8 12. Bc3 c5 13. e4 Nc6 14. Rfe1 dxe4 15. dxe4 Bd6 16. Qb2 e5 17. a4 Qc7 18. Rad1 Rad8 19. h3 Nd4 20. Nh2 Qb6 21. Nhf1 Bf8 22. Ne3 Ra8 23. Nd5 Qc6 24. Nb1 b6 25. Na3 Rad8 26. Nb5 Rd7 27. Qa2 Bg6 28. Ba1 h5 29. h4 Rdd8 30. Nbc3 Nd7 31. Bb2 Nb8 32. Bc1 Na6 33. Bg5 f6 34. Be3 Nb4 35. Nxb4 cxb4 36. Bxd4 bxc3 37. Bxc3 Bc5 38. Qe2 Bf7 39. Bf3 g6 40. Kg2 Kg7 41. Rd3 Rxd3 42. Qxd3 Re6 43. Rd1 Rd6 44. Qe2 Qd7 45. Rxd6 Qxd6 46. Qd2 Qe7 47. Bd1 Be6 48. Bf3 Qb7 49. Qd1 Kf7 50. Qd3 Ke7 51. Qd2 Qc6 52. Qh6 Bf7 53. Qd2 Be6 54. Qh6 Bf7 55. Qd2 Qa8 56. Qh6 Qc8 57. Qd2 Qf8 58. Be2 Be6 59. Bf3 Kf7 60. Qd1 Qc8 61. Qd2 Kg7 62. Qd1 Bh3+ 63. Kg1 Be6 64. Qd2 Qc6 65. Kg2 Qc7 66. Qd3 Qc8 67. Qd2 Bh3+ 68. Kh2 Be6 69. Kg2 Bf8 70. Qd3 Kf7 71. Qd2 Qc7 72. Qd3 Be7 73. Bd2 Qc5 74. Bc3 Qa3 75. Qc2 Bc5 76. Be2 Bd6 77. Bd2 Qc5 78. Be3 Qc6 79. Qd2 Ke7 80. Bf3 Bc5 81. Bxc5+ Qxc5 82. Qh6 Bf7 83. Qh8 Qb4 84. Bd1 Qd2 85. Bf3 Qd3 86. Qb8 Qxb3 87. c5 bxc5 88. Qc7+ Ke8 89. Qc8+ Ke7 90. Qxc5+ Ke8 91. Be2 Be6 92. Bb5+ Kf7 93. Qa7+ Kg8 94. Qxa5 Bg4 95. Qd8+ Kg7 96. Qe7+ Kh6 97. Qxf6 Kh7 98. Be8 Qg8 99. Qxe5 1-0

[Event "December 19 Late 2023"]
[Site "https://www.chess.com"]
[Date "2023.12.19"]
[Round "4"]
[White "Rasulov, Vugar"]
[Black "Mikaelyan, Arman"]
[Result "0-1"]
[Board "13"]
[TimeControl "180+1"]
[WhiteFideId "13402390"]
[BlackFideId "13304852"]
[WhiteElo "2517"]
[BlackElo "2445"]
[WhiteTeam "AZE"]
[BlackTeam "ARM"]
[WhiteClock "0:00:14"]
[BlackClock "0:00:11"]

1. d4 d5 2. c4 c6 3. Nc3 Nf6 4. Nf3 e6 5. Bg5 h6 6. Bxf6 Qxf6 7. Qb3 Nd7 8. e4 dxe4 9. Nxe4 Qf5 10. Bd3 Qa5+ 11. Ke2 e5 12. Ng3 exd4 13. Rhe1 Bb4 14. Kf1+ Bxe1 15. Rxe1+ Kd8 16. Nxd4 Nc5 17. Qd1 Bd7 18. Qh5 Re8 19. Rd1 Kc7 20. Be2 Re7 21. a3 Rae8 22. b4 Qa4 23. Ra1 Nb3 24. Nxb3 Qxb3 25. Kg1 Qc3 26. Rd1 Qe5 27. Qf3 g5 28. h3 f5 29. Bf1 f4 30. Nh5 Bf5 31. b5 Be4 32. Qb3 c5 33. a4 b6 34. a5 Bb7 35. axb6+ axb6 36. Qc2 Qe4 37. Qc3 Qe5 38. Qc2 Rd8 39. Rxd8 Kxd8 40. Qg6 Qe6 41. Nf6 Kc7 42. Qxh6 f3 43. Qxg5 fxg2 44. Bxg2 Bxg2 45. Kxg2 Rf7 46. Nd5+ Kb7 47. Qg4 Qe5 48. Qg3 Rg7 49. Nf4 Rxg3+ 50. fxg3 Qb2+ 51. Kf3 Qb3+ 52. Kg4 Qxc4 53. h4 Qxb5 54. h5 Qd7+ 55. Kg5 Qg7+ 56. Ng6 c4 57. h6 Qh7 58. g4 c3 59. Nf4 c2 60. Ne2 b5 61. Kh5 b4 62. g5 Qf5 63. Nd4 Qh3+ 64. Kg6 c1=Q 65. h7 Qb1+ 66. Kf6 Qbxh7 67. Ne6 Qh8+ 68. Kf7 Qxe6+ 69. Kxe6 b3 70. g6 b2 71. Kf7 b1=Q 72. g7 Qb3+ 73. Kg6 Qxg7+ 74. Kxg7 Qf3 75. Kg6 Kc6 76. Kg5 Kd5 77. Kg6 Ke6 78. Kg7 Qg4+ 79. Kf8 Qg5 80. Ke8 Qg8# 0-1

[Event "December 19 Late 2023"]
[Site "https://www.chess.com"]
[Date "2023.12.19"]
[Round "4"]
[White "Rustemov, Alexander"]
[Black "Tari, Aryan"]
[Result "0-1"]
[Board "14"]
[TimeControl "180+1"]
[WhiteFideId "4119002"]
[BlackFideId "1510045"]
[WhiteElo "2806"]
[BlackElo "2577"]
[WhiteTeam "RUS"]
[BlackTeam "NOR"]
[WhiteClock "0:01:43"]
[BlackClock "0:01:37"]

1. d4 d5 2. c4 e6 3. Nc3 c5 4. cxd5 cxd4 5. Qxd4 Nc6 6. Qd1 exd5 7. Qxd5 Bd6 8. g3 Nf6 9. Qb3 O-O 10. Bg2 Nd4 11. Qd1 Bb4 12. e3 Re8 13. Ne2 Nxe2 14. Qxd8 Rxd8 15. Kxe2 Be6 16. Rd1 Bc4+ 17. Ke1 Ng4 18. Rxd8+ Rxd8 19. Bxb7 Ne5 20. Be4 f5 21. Bc2 Nf3# 0-1

[Event "December 19 Late 2023"]
[Site "https://www.chess.com"]
[Date "2023.12.19"]
[Round "4"]
[White "Kovalev, Vladislav"]
[Black "Dobrikov, Marco"]
[Result "1-0"]
[Board "15"]
[TimeControl "180+1"]
[WhiteFideId "13504398"]
[BlackFideId "12950378"]
[WhiteElo "2539"]
[BlackElo "2394"]
[WhiteTeam "FID"]
[BlackTeam "GER"]
[WhiteClock "0:01:07"]
[BlackClock "0:01:18"]

1. e4 e5 2. Nf3 Nc6 3. Bb5 d6 4. O-O Bd7 5. d4 exd4 6. Bxc6 bxc6 7. Re1 c5 8. e5 d5 9. c3 Be6 10. cxd4 Ne7 11. dxc5 Nc6 12. b4 Rb8 13. Qa4 Qd7 14. b5 Nd8 15. c6 Qc8 16. Nc3 Bc5 17. Be3 Bb6 18. Bxb6 axb6 19. Qb4 Ra8 20. Nd4 Qb8 21. f4 Qa7 22. a4 Qa5 23. Qa3 g6 24. Rf1 h5 25. f5 gxf5 26. Nxf5 Bxf5 27. Nxd5 Nxc6 28. Nxc7+ Kd8 29. Qd6+ Kc8 1-0

[Event "December 19 Late 2023"]
[Site "https://www.chess.com"]
[Date "2023.12.19"]
[Round "4"]
[White "Dardha, Daniel"]
[Black "Gunduz, Umut Erdem"]
[Result "1-0"]
[Board "16"]
[TimeControl "180+1"]
[WhiteFideId "240990"]
[BlackFideId "6381383"]
[WhiteElo "2568"]
[BlackElo "2182"]
[WhiteTeam "BEL"]
[BlackTeam "TUR"]
[WhiteClock "0:00:05"]
[BlackClock "0:00:00"]

1. d4 Nf6 2. Bg5 Ne4 3. h4 c5 4. dxc5 Nxg5 5. hxg5 Qa5+ 6. Qd2 Qxc5 7. Nc3 Nc6 8. g6 fxg6 9. O-O-O e6 10. Ne4 Qb4 11. Qe3 d5 12. Ng5 Bd6 13. Nxe6 Be5 14. Nc7+ Kf7 15. c3 Qa4 16. Nxd5 Bf5 17. Kd2 Rad8 18. Ke1 Qxa2 19. Qf3 Rhe8 20. g4 Rxd5 21. Qxd5+ Qxd5 22. Rxd5 Be4 23. Rxe5 Nxe5 24. Rxh7 Nxg4 25. f3 Nf6 26. Rh4 Bc6 27. Nh3 Re5 28. Rd4 Rb5 29. b4 a5 30. bxa5 Rxa5 31. e4 Ra3 32. Bc4+ Ke7 33. Nf4 Rxc3 34. Nxg6+ Ke8 35. Be2 Nd7 36. Kd2 Ra3 37. Nf4 Ra2+ 38. Ke3 Ra3+ 39. Kf2 Ne5 40. Nd5 Ra2 41. f4 Ng4+ 42. Kf3 Bd7 43. Bc4 Ra3+ 44. Ke2 Nf6 45. Nc7+ Ke7 46. e5 Ng4 47. Nd5+ Ke8 48. Nb6 Bc6 49. Be6 Re3+ 50. Kd2 Rg3 51. Bf5 Ne3 52. Bd3 Ng2 53. Nc4 Rf3 54. Nd6+ Ke7 55. Nf5+ Kf7 56. Bc4+ Kg6 57. Ne7+ Kh6 58. Nxc6 bxc6 59. Rd6+ g6 60. e6 Re3 61. Bf1 Re4 62. Bxg2 Rxf4 63. e7 1-0

[Event "December 19 Late 2023"]
[Site "https://www.chess.com"]
[Date "2023.12.19"]
[Round "4"]
[White "Korchynskyi, Mykola"]
[Black "Zakhartsov, Vladimir"]
[Result "0-1"]
[Board "17"]
[TimeControl "180+1"]
[WhiteFideId "34138005"]
[BlackFideId "4145097"]
[WhiteElo "2007"]
[BlackElo "2448"]
[WhiteTeam "UKR"]
[BlackTeam "RUS"]
[WhiteClock "0:01:14"]
[BlackClock "0:01:36"]

1. d4 Nf6 2. c4 g6 3. Nc3 d5 4. cxd5 Nxd5 5. e4 Nxc3 6. bxc3 Bg7 7. Be3 c5 8. Rc1 O-O 9. Nf3 b6 10. Bd3 Bb7 11. O-O e6 12. Qe2 Nd7 13. Rfd1 Qc7 14. Bb5 Bxe4 15. Bxd7 Qxd7 16. dxc5 Qc7 17. cxb6 axb6 18. Rd2 Ra4 19. Nd4 Bd5 20. h3 Rc4 21. Rb1 Rxc3 22. Rdb2 Qc4 23. Rxb6 Bxd4 24. Qxc4 Rxc4 25. Bxd4 Rxd4 26. Ra1 Ra4 27. a3 Rfa8 28. Rc1 Rxa3 29. Rc7 R3a7 30. Rc5 Kg7 31. Rd6 h5 32. h4 Ra5 33. Rc7 R8a7 34. Rc8 Ra4 35. f3 Rxh4 36. Kf2 Rc4 37. Re8 Rc2+ 38. Ke3 Rxg2 39. Rd7 Rxd7 0-1